 Dungeon Crawl Stone Soup version 0.31.0-11-ge490571c62 (webtiles) character file.

Game seed: 7299008708307220657

4 Flugkiller the Chiller (level 1, 9/9 HPs)
             Began as a Vine Stalker Ice Elementalist on Feb 3, 2024.
             Was a High Priest of Ignis.
             Quit the game on level 3 of the Dungeon.
             The game lasted 00:00:30 (226 turns).

Flugkiller the Chiller (VSIE)                        Turns: 226, Time: 00:00:31

Health: 9/9        AC:  2    Str: 10    XL:     1   Next: 60%
Magic:  3/4        EV: 12    Int: 15    God:    Ignis [*****.]
Gold:   27         SH:  0    Dex: 14    Spells: 3/4 levels left

rFire   + . .        c - +0 dagger
rCold   . . .        (no shield)
rNeg    . . .        a - +0 robe
rPois   .            (no helmet)
rElec   .            (no cloak)
rCorr   .            (no gloves)
SInv    .            (no boots)
Will    .....        (no amulet)
Stlth   ++           (no ring)
HPRegen 1.01/turn    (no ring)
MPRegen 0.09/turn

%: guardian spirit
@: no status effects
A: fangs 2, regeneration 1, magic shield, antimagic bite, no potion heal 2
a: Renounce Religion, Fiery Armour, Foxfire Swarm, Rising Flame


You were on level 3 of the Dungeon.
You worshipped Ignis.
Ignis was extremely pleased with you.
You visited 1 branch of the dungeon, and saw 3 of its levels.

You collected 27 gold pieces.

Inventory:

Hand Weapons
 c - a +0 dagger (weapon)
   (You found it on level 1 of the Dungeon)
Armour
 a - a +0 robe (worn)
Potions
 b - a potion of magic


   Skills:
 + Level 1.6 Dodging
 + Level 2.6 Stealth
 + Level 2.2 Spellcasting
 + Level 4.0 Ice Magic


You had 3 spell levels left.
You knew the following spells:

 Your Spells              Type           Power      Damage    Failure   Level
a - Freeze                Ice            52%        1d6       4%          1

Your spell library contained the following spells:

 Spells                   Type           Power      Damage    Failure   Level
 Frozen Ramparts          Ice            26%        1d4       12%         3
 Ozocubu's Armour         Ice            13%        N/A       12%         3
 Summon Ice Beast         Ice/Summ       7%         N/A       28%         3


Dungeon Overview and Level Annotations

Branches:
Dungeon (3/15) Zot: 17774

Altars:
Ignis


Innate Abilities, Weirdness & Mutations

You have extremely sharp teeth.
Your natural rate of healing is unusually fast.
When hurt, damage is shared between your health and your magic reserves.
Your bite disrupts and absorbs the magic of your enemies.
Potions cannot restore your health.


Message History

You see here a +0 dagger.
c - a +0 dagger (weapon)
Found a stone staircase leading down.
There is a stone staircase leading down here.
You climb downwards.
There is a stone staircase leading up here.
Unknown command.
The kobold shouts!
You hit the kobold.
You kill the kobold!
Things that are here:
a +0 whip; a kobold corpse No target in view!
A rat comes into view.
Casting: Freeze (safe; 4% risk of failure)
Confirm with . or Enter, or press ? or * to list all spells.
You can't see any susceptible monsters within range! (Use Z to cast anyway.)
Casting: Freeze (safe; 4% risk of failure)
Confirm with . or Enter, or press ? or * to list all spells.
Aiming: Freeze (safe; 4% risk of failure)
Press: ? - help, Shift-Dir - straight line, f - rat
Aim: a rat (wandering, hasn't noticed you)
You freeze the rat.
You kill the rat!
Casting: Freeze (safe; 4% risk of failure)
Confirm with . or Enter, or press ? or * to list all spells.
You can't see any susceptible monsters within range! (Use Z to cast anyway.) Magic restored.
A hobgoblin comes into view.
Unknown command.
The hobgoblin shouts!
The hobgoblin barely misses you.
You see here 13 gold pieces.
Casting: Freeze (safe; 4% risk of failure)
Confirm with . or Enter, or press ? or * to list all spells.
Aiming: Freeze (safe; 4% risk of failure)
Press: ? - help, Shift-Dir - straight line, f - hobgoblin
Aim: a hobgoblin You freeze the hobgoblin.
You kill the hobgoblin!
Casting: Freeze (safe; 4% risk of failure)
Confirm with . or Enter, or press ? or * to list all spells.
You can't see any susceptible monsters within range! (Use Z to cast anyway.)
You now have 13 gold pieces.
A ball python comes into view.
Unknown command.
You hit the ball python.
You kill the ball python!
Casting: Freeze (safe; 4% risk of failure)
Confirm with . or Enter, or press ? or * to list all spells.
You can't see any susceptible monsters within range! (Use Z to cast anyway.)
You see here a ball python corpse.
You open the door.
Found a sling.
Found a stone staircase leading up.
Unknown command.
There is an open door here.
There is a stone staircase leading up here.
You climb upwards.
There is a stone staircase leading down here.
You climb downwards.
There is a stone staircase leading up here.
You open the door.
Found a stone staircase leading down.
There is an open door here.
There is a stone staircase leading down here.
You climb downwards.
There is a stone staircase leading up here.
Unknown command.
Found 5 gold pieces.
You now have 18 gold pieces (gained 5).
You open the door.
A frilled lizard comes into view.
Found 9 gold pieces.
Found a faded altar of an unknown god.
Unknown command.
The frilled lizard hisses angrily.
There is an open door here.
Found a ring mail.
The frilled lizard closely misses you.
Casting: Freeze (safe; 4% risk of failure)
Confirm with . or Enter, or press ? or * to list all spells.
Aiming: Freeze (safe; 4% risk of failure)
Press: ? - help, Shift-Dir - straight line, f - frilled lizard
Aim: a frilled lizard You freeze the frilled lizard.
You kill the frilled lizard!
Casting: Freeze (safe; 4% risk of failure)
Confirm with . or Enter, or press ? or * to list all spells.
You can't see any susceptible monsters within range! (Use Z to cast anyway.)
You see here a frilled lizard corpse.
Casting: Freeze (safe; 4% risk of failure)
Confirm with . or Enter, or press ? or * to list all spells.
You can't see any susceptible monsters within range! (Use Z to cast anyway.)
There is a faded altar of an unknown god here.
This altar belongs to (a) Yredelemnul, (b) Sif Muna or (c) Ignis, but you can't tell which.
Press the corresponding letter to learn more about a god, or press enter to convert or escape to cancel.
Ignis accepts your prayer! Ignis welcomes you!
You now have 27 gold pieces (gained 9).
Are you sure you want to abandon this character and quit the game? (Confirm with "yes".)
Okay, then.
Are you sure you want to abandon this character and quit the game? (Confirm with "yes".)

#....~ ~~≈ #....♣
~~≈ ....# .... #...#
~~~.. #...#
~....####...#
............#
........._..+
.......†...@#
#########
..[.........#
#.......#
............#
#.#####.#
............####.###
#.#####
##########'###.....#
#...... #.# #.#.#.#
#..###. #.# #.#.#.#
#..# #.# #.#.#.#
#..###. #.# #...#.#
#......


There were no monsters in sight!

Vanquished Creatures
  A hobgoblin (D:2)
  A ball python (D:2)
  A frilled lizard (D:3)
  A kobold (D:2)
  A rat (D:2)
5 creatures vanquished.

Notes
Turn   | Place    | Note
-------+----------+-------------------------------------------
     0 | D:1      | Flugkiller the Vine Stalker Ice Elementalist began the
                  | quest for the Orb.
     0 | D:1      | Reached XP level 1. HP: 9/9 MP: 4/4
   213 | D:3      | Found a faded altar of an unknown god.
   222 | D:3      | Prayed at the altar of an unknown god.
   222 | D:3      | Became a worshipper of Ignis, the Dying Flame
   226 | D:3      | Quit the game

Illustrated notes

Levels and vault maps discovered:
D:1:      dpeg_arrival_tiny_f, layout_loops_ring, palyth_stone_intersect
D:2:      layout_loops_corners, basic_altar, serial_bayou_pond_a,
          nicolae_concentric_dashed_squares_wild, uniq_sigmund
D:3:      layout_basic, mainiacjoe_overflow_alcove_2, basic_ecumenical_altar,
          serial_bayou_pond_e, chequers_serial_rivers_small_3,
          nicolae_eternal_life

Action                     || total
---------------------------++-------
  Melee: Dagger            ||     2
   Cast: Freeze            ||     3
  Dodge: Dodged            ||     2
